 Dungeon Crawl Stone Soup version 0.30-a0-305-g026cb31310 (webtiles) character file.

Game seed: 10753380260455622728

76 twist the Sneak (level 4, -3/34 HPs)
             Began as a Vine Stalker Brigand on Oct 21, 2022.
             Slain by Natasha (8 damage)
             ... on level 2 of the Dungeon.
             The game lasted 00:03:02 (1057 turns).

twist the Sneak (Vine Stalker Brigand)              Turns: 1057, Time: 00:03:03

Health: -3/34      AC: 22    Str: 14    XL:     4   Next: 32%
Magic:  0/5        EV:  2    Int: 13    God:
Gold:   69         SH:  0    Dex: 15    Spells: 2/3 levels left

rFire   . . .      SeeInvis .    a - +2 dagger
rCold   . . .      Faith    .    (no shield)
rNeg    . . .      Spirit   +    (body armour currently unavailable)
rPois   +          Reflect  .    (helmet currently unavailable)
rElec   .          Harm     .    (cloak currently unavailable)
rCorr   .          Rampage  .    (gloves currently unavailable)
Will    .....      NoTele   +    (boots currently unavailable)
Stlth   +++.......               h - amulet of magic regeneration
HPRegen 1.05/turn                (no ring)
MPRegen 0.49/turn                (no ring)

@: tree-form, slowed, very slow
A: stationary, stasis, torment immunity, boosted hp, (fangs 2), regeneration 1,
magic shield, (antimagic bite), no potion heal 2
a: no special abilities


You were on level 2 of the Dungeon.
You were a tree.
You visited 1 branch of the dungeon, and saw 2 of its levels.

You collected 69 gold pieces.

Inventory:

Hand Weapons
 a - a +2 dagger (weapon)
Missiles
 d - 9 poisoned darts
 e - 3 curare-tipped darts (quivered)
Armour
 b - a +0 robe (melded)
 c - a +0 cloak (melded)
Jewellery
 h - an amulet of magic regeneration (around neck)
Scrolls
 f - a scroll of identify {unknown}
 i - a scroll of poison {unknown}
 j - 2 scrolls of blinking {unknown}


   Skills:
 + Level 2.3 Fighting
 + Level 2.4 Short Blades
 + Level 2.3 Throwing
 + Level 1.5 Dodging
 + Level 5.3 Stealth


You had 2 spell levels left.
You knew the following spells:

 Your Spells              Type           Power      Damage    Failure   Level
a - Beastly Appendage     Tmut           0%         N/A       30%         1

Your spell library contained the following spells:

 Spells                   Type           Power      Damage    Failure   Level
 Wereblood                Tmut           0%         N/A       43%         2
 Spider Form              Tmut/Pois      0%         N/A       67%         3


Dungeon Overview and Level Annotations

Branches:
Dungeon (2/15)

Altars:

Shops:
D:2 [!?:

Annotations:
D:2 Natasha


Innate Abilities, Weirdness & Mutations

You are a tree.
Your roots penetrate the ground, keeping you stationary.
You cannot be teleported.
You are immune to unholy pain and torment.
Your maximum health is greatly increased.
Your equipment is partially melded.
((You have extremely sharp teeth.))
Your natural rate of healing is unusually fast.
When hurt, damage is shared between your health and your magic reserves.
((Your bite disrupts and absorbs the magic of your enemies.))
Potions cannot restore your health.


Message History

Natasha claws you!
* * * LOW HITPOINT WARNING * * *
The adder misses you.
Unknown command.
Things that are here:
a +0 whip; 5 stones; a kobold corpse You barely miss Natasha.
Your bite misses Natasha.
Natasha is moderately wounded.
Natasha closely misses you.
You hit Natasha but do no damage. You bite Natasha, but do no damage.
Natasha is moderately wounded.
Natasha claws you.
* * * LOW HITPOINT WARNING * * *
Unknown command.
It was a potion of lignification.
You turn into a tree.
Your +0 cloak melds into your body.
Your +0 robe melds into your body.
Your roots penetrate the ground.
Natasha claws you but does no damage.
You closely miss Natasha.
Natasha is moderately wounded.
Natasha claws you but does no damage.
You hit Natasha.
Natasha is severely wounded.
Natasha mewls in sadness.
Natasha claws you but does no damage.
You closely miss Natasha.
Natasha is severely wounded.
Natasha casts a spell at you.
You feel yourself slow down.
You hit Natasha.
Natasha is severely wounded.
Natasha casts a spell.
You miss Natasha.
Natasha is severely wounded.
Natasha claws you!
* * * LOW HITPOINT WARNING * * *
Unknown command.
You hit Natasha.
Natasha is almost dead.
Natasha claws you but does no damage. Natasha claws you!
You die...

P...####
......># ###
...###.### .!.
# ...# #...##
##.## !## ##.#
###..## ##....
... ###
##..###..##
#..
##..#..#.###l#
##)..#.#.#g#
#.#.##♣#S#.#
#...###h8g#
#...##.#b#.#
##..#.# #.#
##..# #.# ##..
#.. ##.. (##
### #


You could see Natasha (strong), a hobgoblin and a bat.

Vanquished Creatures
  Natasha (D:2)
  A worm (D:2)
  2 dart slugs (D:1)
  3 ball pythons
  2 giant cockroaches
  6 goblins
  2 hobgoblins (D:1)
  4 jackals (D:2)
  4 kobolds
  A quokka (D:1)
  8 bats
  A frilled lizard (D:1)
  6 rats
41 creatures vanquished.

Notes
Turn   | Place    | Note
-------+----------+-------------------------------------------
     0 | D:1      | twist the Vine Stalker Brigand began the quest for the Orb.
     0 | D:1      | Reached XP level 1. HP: 11/11 MP: 2/2
   130 | D:1      | Reached skill level 1 in Dodging
   130 | D:1      | Reached XP level 2. HP: 13/15 MP: 3/3
   145 | D:1      | Reached skill level 5 in Stealth
   295 | D:1      | Found a faded altar of an unknown god.
   398 | D:1      | Reached XP level 3. HP: 18/18 MP: 4/4
   702 | D:1      | Learned a level 1 spell: Beastly Appendage
   865 | D:2      | Found Mast's Book Shoppe.
   907 | D:2      | Found Ixkot's Magic Scroll Emporium.
   914 | D:2      | Found Ugor's Distillery.
  1000 | D:2      | Noticed Natasha
  1005 | D:2      | Killed Natasha
  1006 | D:2      | Gained mutation: Your natural rate of healing is unusually
                  | fast. [Vine Stalker growth]
  1006 | D:2      | Reached XP level 4. HP: 23/23 MP: 5/5
  1008 | D:2      | Found Gyako's Antique Armour Emporium.
  1039 | D:2      | Noticed Natasha
  1057 | D:2      | Slain by Natasha

Illustrated notes

Levels and vault maps discovered:
D:1:      dpeg_arrival_subterranean_lakeside_camping, layout_loops_ring,
          shapermc_ecumenical_altar_ellora
D:2:      layout_rooms, serial_shops, nicolae_shop_overgrown_old_shop,
          nicolae_shop_advertising_works [nicolae_subvault_shop_adworks],
          nicolae_shop_hallway_stairs, shop, nicolae_shop_statue_plus,
          hangedman_glass_teeth, minmay_circle_x, uniq_natasha

Skill      XL: |  1  2 |
---------------+-------+-----
Dodging        | 1 |  1.5
Stealth        | 5 |  5.3
Throwing       | 2 |  2.3
Fighting       | 2 |  2.3
Short Blades   | 2 |  2.4

Action                   |  1- 3 |  4- 6 || total
-------------------------+-------+-------++-------
Melee: Dagger            |    74 |    19 ||    93
       Bite              |    11 |     1 ||    12
       Punch             |     1 |     1 ||     2
Throw: Dart              |    17 |       ||    17
  Use: Potion            |       |     1 ||     1
 Stab: Sleeping          |     5 |     3 ||     8
       Distracted        |     1 |       ||     1
Armor: Robe              |    20 |     6 ||    26
       Skin              |       |     4 ||     4
Dodge: Dodged            |    33 |    10 ||    43

Table legend: (Time is in decaauts)
 A = Elapsed time spent in this place.
 B = Non-inter-level travel time spent in this place.
 C = Inter-level travel time spent in this place.
 D = Time resting spent in this place.
 E = Time spent auto-exploring this place.
 F = Levels seen in this place.
 G = Mean time per level.
                   A        B        C        D        E       F      G
               +--------+--------+--------+--------+--------+-----+--------+
         Total |   1053 |   1002 |     51 |      0 |    749 |   2 |  526.5 |
       Dungeon |   1053 |   1002 |     51 |      0 |    749 |   2 |  526.5 |
               +--------+--------+--------+--------+--------+-----+--------+

Top non-repeatable levels by time:
     D:1: 866 daAuts
     D:2: 186 daAuts
